 Dungeon Crawl Stone Soup version 0.21.1-1-g345015f (webtiles) character file.

833 4thArraOfDagon the Grave Robber (level 7, -17/51 HPs)
             Began as a Gnoll Necromancer on June 13, 2018.
             Demolished by a two-headed ogre
             ... wielding a +0 giant club
              (26 damage)
             ... on level 8 of the Dungeon.
             The game lasted 00:09:11 (1009 turns).

4thArraOfDagon the Grave Robber (Gnoll Necromancer) Turns: 1009, Time: 00:09:12

Health: -17/51     AC:  4    Str: 10    XL:     7   Next: 98%
Magic:  1/15       EV: 12    Int: 19    God:
Gold:   96         SH:  0    Dex: 13    Spells: 5/17 levels left

rFire    . . .     SeeInvis .   h - +4 mace
rCold    . . .     Gourm    .   (no shield)
rNeg     . . .     Faith    .   k - -1 ring mail
rPois    .         Spirit   .   (no helmet)
rElec    .         Reflect  .   (no cloak)
rCorr    .         Harm     .   (no gloves)
MR       .....                  (no boots)
Stlth    ++........             (no amulet)
HPRegen  0.17/turn              d - +3 ring of slaying
MPRegen  0.14/turn              m - -3 ring of dexterity

@: very slightly contaminated
A: distributed training, fangs 1, strong nose
a: no special abilities


You were on level 8 of the Dungeon.
You were not hungry.

You visited 2 branches of the dungeon, and saw 9 of its levels.

You collected 96 gold pieces.

Inventory:

Hand Weapons
 h - a +4 mace (weapon)
Armour
 a - a +0 robe
 f - a +1 ring mail of fire resistance
 k - a -1 ring mail (worn)
 p - a cursed +0 ring mail
Jewellery
 d - a +3 ring of slaying (left hand)
 m - a -3 ring of dexterity (right hand)
 n - an uncursed ring of protection from cold {unknown}
Scrolls
 i - a scroll of immolation {unknown}
 j - 2 scrolls of identify
 l - a scroll of remove curse
 o - a scroll of fear
 s - a scroll of magic mapping
Potions
 e - a potion of degeneration
 q - 2 potions of might
 t - a potion of berserk rage
Books
 b - a book of Necromancy

   Spells                             Type                      Level
   a - Pain                           Necromancy                   1
   b - Animate Skeleton               Necromancy                   1
   c - Vampiric Draining              Necromancy                   3
   d - Regeneration                   Charms/Necromancy            3
   e - Animate Dead                   Necromancy                   4
   f - Borgnjor's Vile Clutch         Necromancy/Earth             5
Comestibles
 c - 6 rations
 r - 4 chunks of flesh


   Skills:
 + Level 2.7 Fighting
 + Level 2.7 Short Blades
 + Level 2.7 Long Blades
 + Level 2.7 Axes
 + Level 2.7 Maces & Flails
 + Level 2.7 Polearms
 + Level 2.7 Staves
 + Level 2.7 Slings
 + Level 2.7 Bows
 + Level 2.7 Crossbows
 + Level 2.7 Throwing
 + Level 2.7 Armour
 + Level 5.4 Dodging
 + Level 5.0 Stealth
 + Level 2.7 Shields
 + Level 2.7 Unarmed Combat
 + Level 5.7 Spellcasting
 + Level 2.2 Conjurations
 + Level 2.2 Hexes
 + Level 2.2 Charms
 + Level 2.2 Summonings
 + Level 7.5 Necromancy
 + Level 2.2 Translocations
 + Level 2.2 Transmutations
 + Level 2.2 Fire Magic
 + Level 2.2 Ice Magic
 + Level 2.2 Air Magic
 + Level 2.2 Earth Magic
 + Level 2.2 Poison Magic
 + Level 3.0 Invocations
 + Level 2.7 Evocations


You had 5 spell levels left.
You knew the following spells:

 Your Spells              Type           Power        Failure   Level  Hunger
a - Pain                  Necr           ####         1%          1    None
b - Vampiric Draining     Necr           ####......   3%          3    ##.....
c - Regeneration          Chrm/Necr      ###.......   11%         3    ##.....
d - Borgnjor's Vile Clut  Necr/Erth      ###.......   71%         5    #####..


Dungeon Overview and Level Annotations

Branches:
Dungeon (8/15)             Temple (1/1) D:7
   Lair: D:8-11

Altars:
Elyvilon
Fedhas
Gozag
Kikubaaqudgha
Makhleb
Okawaru
Qazlal
Sif Muna
Trog
Uskayaw
Vehumet
Wu Jian
Xom
Yredelemnul
Zin
The Shining One

Annotations:
D:5 Eustachio


Innate Abilities, Weirdness & Mutations

Your experience applies equally to all skills.
You have very sharp teeth.
Your uncanny sense of smell can sniff out nearby items.


Message History

Press: ? - help, Shift-Dir - straight line, f/p - two-headed ogre
Aim: a two-headed ogre, wielding two giant clubs (heavily wounded, poisoned)
The two-headed ogre is severely wounded.
You feel life coursing into your body.
The two-headed ogre hits you with a giant club!
* * * LOW HITPOINT WARNING * * *
The two-headed ogre misses you.
Unknown command.
Unknown command.
Unknown command.
Casting: Vampiric Draining
Confirm with . or Enter, or press ? or * to list all spells.
Aiming: Vampiric Draining
Press: ? - help, Shift-Dir - straight line, f/p - two-headed ogre
Aim: a two-headed ogre, wielding two giant clubs (severely wounded, poisoned)
The two-headed ogre is almost dead.
You feel life coursing into your body.
The two-headed ogre hits you with a giant club!!
Ouch! That really hurt!
You die...

*,,,,,.((#.....♣ *,,,,,,,,
*,,,,,....#(...♣ *,,,,,*,,
*,,,,..$.#(....♣ *,,,,*,,,
*,,,,.......$..♣ *....,*,,
*,,,,..........♣♣ *♣....,,,,
*,,,,,....[.....♣♣♣♣♣♣.....,,,,
*,,,,,.....................,,,,
******####..##O.........##.,*,,
#...#@.........#.,,*,,
#.................,*,,
##)#.....#........,*,,
#########.#....#.#.......**,,
#....<....#..............**,,
#.......###..............**,,
#.......# #.............,**,,
##......# #.............,,*,,
#......# #.........####*,*,,


You could see a two-headed ogre.

Vanquished Creatures
  An ice beast (D:8)
  A sky beast (D:5)
  2 ogres
  A bullfrog (D:6)
  3 killer bees (D:7)
  A centaur zombie (D:5)
  A quasit (D:7)
  2 hounds
  2 orc wizards (D:6)
  An orc priest (D:6)
  A worker ant (D:6)
  3 adders
  An ooze (D:2)
  A dart slug (D:3)
  4 orcs
  A bat (D:1)
  2 giant cockroaches
  A goblin (D:3)
  A frilled lizard (D:4)
  3 rats
33 creatures vanquished.

Vanquished Creatures (others)
  A giant cockroach (D:7)
1 creature vanquished.

Grand Total: 34 creatures vanquished

Notes
Turn   | Place    | Note
-------+----------+-------------------------------------------
     0 | D:1      | 4thArraOfDagon the Gnoll Necromancer began the quest for the Orb.
     0 | D:1      | Reached XP level 1. HP: 13/13 MP: 6/6
    25 | D:1      | Sergey: mb I played a bit slower
    39 | D:1      | Sergey: untill 3 lvl
   120 | D:2      | Reached XP level 2. HP: 19/19 MP: 7/7
   225 | D:3      | Sergey: I need to go away in like 5 minutes
   246 | D:4      | 4thArraOfDagon: ok
   308 | D:5      | Entered Level 5 of the Dungeon
   308 | D:5      | Noticed an ogre
   313 | D:5      | Killed an ogre
   313 | D:5      | Reached skill level 1 in Fighting
   313 | D:5      | Reached skill level 1 in Short Blades
   313 | D:5      | Reached skill level 1 in Long Blades
   313 | D:5      | Reached skill level 1 in Axes
   313 | D:5      | Reached skill level 1 in Maces & Flails
   313 | D:5      | Reached skill level 1 in Polearms
   313 | D:5      | Reached skill level 1 in Staves
   313 | D:5      | Reached skill level 1 in Slings
   313 | D:5      | Reached skill level 1 in Bows
   313 | D:5      | Reached skill level 1 in Crossbows
   313 | D:5      | Reached skill level 1 in Throwing
   313 | D:5      | Reached skill level 1 in Armour
   313 | D:5      | Reached skill level 1 in Shields
   313 | D:5      | Reached skill level 1 in Unarmed Combat
   313 | D:5      | Reached skill level 5 in Spellcasting
   313 | D:5      | Reached skill level 1 in Conjurations
   313 | D:5      | Reached skill level 1 in Hexes
   313 | D:5      | Reached skill level 1 in Charms
   313 | D:5      | Reached skill level 1 in Summonings
   313 | D:5      | Reached skill level 1 in Translocations
   313 | D:5      | Reached skill level 1 in Transmutations
   313 | D:5      | Reached skill level 1 in Fire Magic
   313 | D:5      | Reached skill level 1 in Ice Magic
   313 | D:5      | Reached skill level 1 in Air Magic
   313 | D:5      | Reached skill level 1 in Earth Magic
   313 | D:5      | Reached skill level 1 in Poison Magic
   313 | D:5      | Reached skill level 1 in Invocations
   313 | D:5      | Reached skill level 1 in Evocations
   313 | D:5      | Reached XP level 3. HP: 26/26 MP: 7/9
   313 | D:5      | Reached XP level 4. HP: 32/32 MP: 8/11
   331 | D:4      | Learned a level 3 spell: Vampiric Draining
   335 | D:4      | Learned a level 3 spell: Regeneration
   390 | D:5      | Reached XP level 5. HP: 17/37 MP: 3/12
   401 | D:5      | Learned a level 5 spell: Borgnjor's Vile Clutch
   410 | D:5      | Noticed a sky beast
   482 | D:5      | Killed a sky beast
   482 | D:5      | Reached XP level 6. HP: 15/44 MP: 0/13
   491 | D:5      | Noticed Eustachio
   548 | D:6      | Reached skill level 5 in Dodging
   648 | D:7      | Reached XP level 7. HP: 37/50 MP: 6/15
   658 | D:7      | Found an ornate altar of the Wu Jian Council.
   659 | D:7      | Noticed a deep elf mage
   686 | D:7      | Found a staircase to the Ecumenical Temple.
   691 | D:7      | WHY
   809 | D:7      | Noticed a gargoyle
   812 | Temple   | Entered the Ecumenical Temple
   913 | D:7      | Sergey: neverlucky
   918 | D:7      | 4thArraOfDagon: eternal mystery
   918 | D:7      | Sergey: bvc chances ?
   928 | D:7      | 4thArraOfDagon: I can't backtrack
   928 | D:7      | 4thArraOfDagon: no early chei=no early piety=death in d:8-11
   961 | D:8      | Reached skill level 5 in Stealth
   996 | D:8      | Noticed a two-headed ogre
  1009 | D:8      | Demolished by a two-headed ogre

Skill      XL: |  1  2  3  4  5  6  7 |
---------------+----------------------+-----
Fighting       | 1 2 |  2.7
Short Blades   | 1 2 |  2.7
Long Blades    | 1 2 |  2.7
Axes           | 1 2 |  2.7
Maces & Flails | 1 2 |  2.7
Polearms       | 1 2 |  2.7
Staves         | 1 2 |  2.7
Slings         | 1 2 |  2.7
Bows           | 1 2 |  2.7
Crossbows      | 1 2 |  2.7
Throwing       | 1 2 |  2.7
Armour         | 1 2 |  2.7
Shields        | 1 2 |  2.7
Unarmed Combat | 1 2 |  2.7
Spellcasting   | 5 |  5.7
Conjurations   | 1 2 |  2.2
Hexes          | 1 2 |  2.2
Charms         | 1 2 |  2.2
Summonings     | 1 2 |  2.2
Translocations | 1 2 |  2.2
Transmutations | 1 2 |  2.2
Fire Magic     | 1 2 |  2.2
Ice Magic      | 1 2 |  2.2
Air Magic      | 1 2 |  2.2
Earth Magic    | 1 2 |  2.2
Poison Magic   | 1 2 |  2.2
Invocations    | 1 2 3 |  3.0
Evocations     | 1 2 |  2.7
Dodging        | 5 |  5.4
Stealth        | 5 |  5.0
Necromancy     | |  7.5

Action                   |  1- 3 |  4- 6 |  7- 9 || total
-------------------------+-------+-------+-------++-------
Melee: Mace              |    17 |    29 |    16 ||    62
       Bite              |     2 |     4 |     1 ||     7
       Punch             |       |       |     1 ||     1
Throw: Tomahawk          |       |     8 |     4 ||    12
 Cast: Pain              |     1 |       |     4 ||     5
       Regeneration      |       |     3 |       ||     3
       Vampiric Draining |       |    10 |    15 ||    25
  Use: Scroll            |     1 |     5 |     5 ||    11
       Potion            |     1 |       |     2 ||     3
 Stab: Sleeping          |     4 |       |       ||     4
  Eat: Chunk             |       |       |     2 ||     2
Armor: Ring mail         |     3 |    16 |     7 ||    26
Dodge: Dodged            |     3 |    30 |    42 ||    75
